 Dungeon Crawl Stone Soup version 0.21-a0-88-g13b9641 (webtiles) character file.

387 vev the Sneak (level 6, -9/39 HPs)
             Began as an Octopode Summoner on June 27, 2017.
             Mangled by a hornet (13 damage)
             ... while paralysed by a hornet
             ... on level 4 of the Dungeon.
             The game lasted 00:22:34 (3662 turns).

vev the Sneak (Octopode Summoner)                   Turns: 3662, Time: 00:22:34

Health: -9/39      AC:  1    Str:  8    XL:     6   Next: 78%
Magic:  0/9        EV:  2    Int: 19    God:
Gold:   176        SH:  0    Dex: 12    Spells: 3/9 levels left

rFire    . . .     SeeInvis .   a - +2 dagger (freeze)
rCold    . . .     Gourm    .   w - +0 buckler
rNeg     . . .     Faith    .   (helmet restricted)
rPois    .         Spirit   .   (no amulet)
rElec    .         Reflect  .   f - +1 ring of slaying
rCorr    .         Harm     .   (no ring)
MR       .....                  (no ring)
Stlth    ++++......             (no ring)
HPRegen  0.13/turn              (no ring)
MPRegen  0.11/turn              (no ring)
                                (no ring)
                                (no ring)

@: paralysed, lethally poisoned (-9 -> -15), slowed
A: almost no armour, stealthy swim, amphibious, 8 rings, constrict 8, camouflage
1, robust 1, gelatinous body 1, evolution 1
a: no special abilities


You were on level 4 of the Dungeon.
You were not hungry.

You visited 1 branch of the dungeon, and saw 4 of its levels.

You collected 176 gold pieces.

Inventory:

Hand Weapons
 a - a +2 dagger of freezing (weapon)
 g - a +0 short sword
 i - a +0 spear
 n - a +0 dagger
 t - a +0 hand axe of freezing
Missiles
 c - 92 stones (quivered)
 r - a throwing net
Armour
 w - a +0 buckler (worn)
 x - a cursed +0 large shield
Jewellery
 f - a +1 ring of slaying (left tentacle)
Scrolls
 d - 3 scrolls of remove curse
 p - 2 scrolls of amnesia
Potions
 k - a potion of flight
 q - 2 potions of heal wounds {unknown}
Books
 h - a book of Callings

   Spells                             Type                      Level
   a - Summon Small Mammal            Summoning                    1
   b - Call Imp                       Summoning                    2
   c - Call Canine Familiar           Summoning                    3
   d - Summon Guardian Golem          Hexes/Summoning              3
   e - Summon Lightning Spire         Summoning/Air                4
   f - Summon Ice Beast               Ice/Summoning                4
Comestibles
 b - 3 bread rations
 o - 4 royal jellies
 s - 2 meat rations
 u - 6 fruits


   Skills:
 + Level 2.8 Dodging
 - Level 5.5 Stealth
 - Level 4.0 Shields
 - Level 2.0 Spellcasting
 - Level 5.2 Summonings


You had 3 spell levels left.
You knew the following spells:

 Your Spells              Type           Power        Failure   Level  Hunger
a - Call Imp              Summ           ###.....     3%          2    ###....
b - Summon Small Mammal   Summ           ###.         1%          1    #......
d - Call Canine Familiar  Summ           ###.....     6%          3    ###....


Dungeon Overview and Level Annotations

Branches:
Dungeon (4/15)
 Temple: D:4-7

Altars:
Cheibriados
Trog
Zin

Annotations:
D:3 exclusion: hippogriff


Innate Abilities, Weirdness & Mutations

You cannot wear most types of armour.
You are very stealthy in the water. (Stealth+)
You are amphibious.
You can wear up to eight rings at the same time.
You can use your tentacles to constrict eight enemies at once.
Your skin changes colour to match your surroundings (Stealth+).
Your rubbery body absorbs attacks. (AC +1, EV +1)
You are robust. (+10% HP)
You evolve.


Message History

Casting: Call Imp
Confirm with . or Enter, or press ? or * to list all spells.
* * * LOW MAGIC WARNING * * *
The hornet closely misses you. The iguana bites your quokka.
Your crimson imp hits the hornet but does no damage.
Unknown command.
Unknown command.
It was a potion of mutation.
You feel extremely strange.
You feel robust.
You feel nature experimenting on you.
Don't worry, failures die fast.
The hornet stings you!!
You suddenly lose the ability to move!
The hornet stings you!
* * * LOW HITPOINT WARNING * * *
You are lethally poisoned!
You feel yourself slow down. The iguana barely misses your quokka.
Your quokka closely misses the iguana.
Your crimson imp hits the hornet but does no damage.
* * * LOW HITPOINT WARNING * * *
You feel sick. The hornet stings you!
You die...

##. ... #..... ###
#.#<.#..# #.#.....##
### #.#...... ..
#.#..#.###. #.# .#
#.##.#.....Z..
#.###.###.#.......##
#.##..........@....#
#.##.# ##...5y####.#
#.##.# ##..r##.?#
#....# ##l##...#
###....## #g#Z..#
........## +#.#'l#
###......###g..###..
##.........8........
#.#...###...###...#


You could see a hornet, a gnoll shaman, an iguana, a leopard gecko skeleton, a
friendly crimson imp and a friendly quokka.

Vanquished Creatures
  An ogre (D:4)
  A howler monkey (D:4)
  A bullfrog skeleton (D:4)
  A hound skeleton (D:4)
  2 gnolls (D:2)
  4 adders
  2 adder skeletons (D:4)
  3 dart slugs
  A leopard gecko (D:3)
  7 orcs
  6 bats
  2 giant cockroaches
  7 hobgoblins
  4 jackals
  3 quokkas
  A ball python (D:3)
  4 frilled lizards
  6 goblins
  10 kobolds
  4 rats
70 creatures vanquished.

Vanquished Creatures (collateral kills)
  An ogre (D:4)
  3 adders
  A gnoll (D:2)
  A worm (D:2)
  A leopard gecko (D:2)
  7 orcs
  2 giant cockroaches
  A goblin (D:3)
  3 hobgoblins
  3 jackals
  A quokka (D:3)
  2 kobolds
  A rat (D:1)
27 creatures vanquished.

Grand Total: 97 creatures vanquished

Notes
Turn   | Place    | Note
-------+----------+-------------------------------------------
     0 | D:1      | vev the Octopode Summoner began the quest for the Orb.
     0 | D:1      | Reached XP level 1. HP: 11/11 MP: 3/3
   311 | D:1      | Reached skill level 3 in Stealth
   360 | D:1      | Reached XP level 2. HP: 13/17 MP: 5/5
   472 | D:1      | Learned a level 2 spell: Call Imp
   978 | D:1      | Reached skill level 4 in Stealth
  1030 | D:1      | Reached XP level 3. HP: 21/21 MP: 6/6
  1667 | D:2      | Learned a level 3 spell: Call Canine Familiar
  1880 | D:2      | Reached XP level 4. HP: 27/27 MP: 2/7
  1899 | D:2      | Reached skill level 5 in Stealth
  2248 | D:3      | Reached skill level 5 in Summonings
  2254 | D:3      | Noticed a hippogriff
  2257 | D:3      | wtf d3
  2457 | D:3      | Reached XP level 5. HP: 29/31 MP: 4/8
  2612 | D:3      | Found a glowing silver altar of Zin.
  2965 | D:4      | Noticed an ogre
  2970 | D:4      | Killed an ogre
  2970 | D:4      | Reached skill level 2 in Shields
  2970 | D:4      | Reached XP level 6. HP: 36/36 MP: 9/9
  2997 | D:4      | Reached skill level 3 in Shields
  3324 | D:4      | Reached skill level 4 in Shields
  3396 | D:4      | Found a bloodstained altar of Trog.
  3398 | D:4      | Found a snail-covered altar of Cheibriados.
  3644 | D:4      | Noticed a hornet
  3645 | D:4      | doh
  3645 | D:4      | artificial difficulty
  3657 | D:4      | ripperino
  3661 | D:4      | Gained mutation: You are robust. (+10% HP) [potion of mutation]
  3661 | D:4      | Gained mutation: You evolve. [potion of mutation]
  3661 | D:4      | Paralysed by a hornet for 2 turns
  3662 | D:4      | Mangled by a hornet

Vault maps used:
D:1:      dpeg_arrival_arbitrary_b, serial_bayou, serial_bayou_shore_b,
          serial_bayou_lake_a, serial_bayou_pond_c, serial_bayou_pond_b,
          patterned_corridor
D:2:      minmay_misc_feat_five
D:3:      lemuel_doored_altar, first_bread, guppyfry_early_orc_mine
D:4:      cheibrodos_barr_body, nicolae_overflow_hidden_temple, serial_glass,
          glass_columns_a, glass_columns_a, feat_on_display

Skill      XL: |  1  2  3  4  5  6 |
---------------+-------------------+-----
Stealth        | 3 4 5 |  5.5
Summonings     | 5 |  5.2
Shields        | 2 4 |  4.0
Dodging        | |  2.8
Spellcasting   | |  2.0

Action                   |  1- 3 |  4- 6 || total
-------------------------+-------+-------++-------
Melee: Short sword       |    26 |       ||    26
       Constrict         |    12 |    19 ||    31
       Unarmed           |     5 |       ||     5
       Tentacles         |     5 |     9 ||    14
       Dagger            |    23 |    69 ||    92
       Hand axe          |       |     3 ||     3
Throw: Stone             |     3 |     5 ||     8
 Cast: Summon Small Mamm |    15 |     6 ||    21
       Call Imp          |     7 |    25 ||    32
       Call Canine Famil |     3 |     7 ||    10
  Use: Scroll            |     1 |     5 ||     6
       Potion            |       |     1 ||     1
 Stab: Sleeping          |    15 |    11 ||    26
       Distracted        |       |     1 ||     1
  Eat: Chunk             |     4 |     8 ||    12
Armor: Skin              |     5 |     6 ||    11
Dodge: Dodged            |    36 |    34 ||    70
Block: Buckler           |       |     3 ||     3
